AoeStats
← CDS95

Arena

509124307Analyzed
1v1 RM · 6d ago on Sep 25, 2026· 30m 20s· 2 players
Game mode
Random Map
Map size
Tiny (2 player)
Population
200
Speed
Normal
Resources
Standard
Victory
Conquest
Starting age
Dark Age
Ending age
Imperial Age
RankedLock teamsTeams togetherTeam positionsShared explorationLock speedFull tech treeHidden civsTurbo modeCheats
Victory
Defeat
🇮🇳 Saxons · India
1070
+15
🇪🇸 Vietnamese · Spain
1043
-15
CDS95
11:03 Feudal Age
15:15 Castle Age
13:04 Double-Bit Axe
13:12 Gold Mining
16:31 Bow Saw
28:50 Imperial Age
26:24 Crossbowman
26:59 Fletching
28:26 Thumb Ring
28:34 Horse Collar
28:47 Stone Mining
elysium_ghost
8:09 Loom
9:54 Feudal Age
8:17 Loom
11:50 Loom
14:22 Castle Age
12:42 Double-Bit Axe
12:57 Horse Collar
16:07 Bow Saw
18:11 Gold Mining
18:19 Loom
23:16 Scale Mail Armor
26:02 Squires
25:48 Arson
27:11 Pikeman
29:54 Chain Mail Armor
29:50 Forging
Connection lost

Rejoining the realm…

Still unreachable

The connection could not be restored.

Session expired

The server has moved on; the page needs a fresh start.